 Dungeon Crawl Stone Soup version 0.28-a0-1235-g7c8fac35f0 (webtiles) character file.

Game seed: 13137221881914893124

289 SweetFeetChazzz the Insei (level 6, 0/32 HPs)
             Began as a Vine Stalker Transmuter on Dec 24, 2021.
             Slain by an orc (1 damage)
             ... on level 3 of the Dungeon.
             The game lasted 00:17:42 (2633 turns).

SweetFeetChazzz the Insei (Vine Stalker Transmuter) Turns: 2633, Time: 00:17:43

Health: 0/32       AC:  2    Str: 12    XL:     6   Next: 31%
Magic:  0/12       EV: 12    Int: 15    God:
Gold:   122        SH:  0    Dex: 15    Spells: 11/12 levels left

rFire   . . .      SeeInvis .     - Unarmed
rCold   . . .      Faith    .   (no shield)
rNeg    . . .      Spirit   +   a - +0 robe
rPois   .          Reflect  .   (no helmet)
rElec   .          Harm     .   (no cloak)
rCorr   .          Rampage  .   (no gloves)
Will    .....                   (no boots)
Stlth   +.........              (no amulet)
HPRegen 0.90/turn               (no ring)
MPRegen 0.13/turn               (no ring)

@: brilliant
A: fangs 2, regeneration 1, magic shield, antimagic bite, no potion heal 2
a: no special abilities


You were on level 3 of the Dungeon.
You visited 1 branch of the dungeon, and saw 3 of its levels.
You also visited: Sewer.

You collected 122 gold pieces.

Inventory:

Armour
 a - a +0 robe (worn)
 f - a +2 tower shield
Magical Staves
 l - a staff of earth
Jewellery
 n - a ring of fire
Scrolls
 e - a scroll of enchant armour {unknown}
 h - a scroll of magic mapping {unknown}
 i - a scroll of blinking {unknown}
 k - 2 scrolls of teleportation {unknown}
 m - 2 scrolls of identify {unknown}
 o - a scroll of summoning {unknown}
Potions
 b - a potion of heal wounds
 c - a potion of might


   Skills:
 + Level 2.4 Fighting
 - Level 2.0 Dodging
 + Level 4.0 Unarmed Combat
 * Level 3.9 Spellcasting
 * Level 3.7 Transmutations


You had 11 spell levels left.
You knew the following spells:

 Your Spells              Type           Power      Damage    Failure   Level
a - Beastly Appendage     Tmut           42%        N/A       4%          1

Your spell library contained the following spells:

 Spells                   Type           Power      Damage    Failure   Level
 Wereblood                Tmut           21%        N/A       6%          2
 Spider Form              Tmut/Pois      12%        N/A       26%         3
 Ice Form                 Ice/Tmut       12%        N/A       65%         4
 Fireball                 Conj/Fire      2%         3d4       99%         5
 Iskenderun's Battlesphe  Conj           4%         2d6       99%         5
 Conjure Ball Lightning   Conj/Air       2%         3x3d6     100%        6
 Orb of Destruction       Conj           2%         9d1       100%        7


Dungeon Overview and Level Annotations

Branches:
Dungeon (3/15)              Sewer (visited)

Altars:


Innate Abilities, Weirdness & Mutations

You have extremely sharp teeth.
Your natural rate of healing is unusually fast.
When hurt, damage is shared between your health and your magic reserves.
Your bite disrupts and absorbs the magic of your enemies.
Potions cannot restore your health.


Message History

The orc hits you with a +0 vorpal flail.
You hit the orc.
The orc is almost dead.
The orc hits you with a +0 club. Something hits you.
The orc closely misses you.
You are too injured to fight recklessly!
You are too injured to fight recklessly!
You hit the orc but do no damage. Your bite misses the orc.
The orc is almost dead.
The orc barely misses you. x2
You hear some strange, mumbled words.
You are confused.
You barely miss the orc.
The orc is almost dead.
The orc splashes around in the water.
You hear some strange, mumbled words.
A magic dart appears from out of thin air!
The magic dart hits you.
The orc hits you with a +0 vorpal flail.
You barely miss the orc.
The orc is almost dead.
The orc hits you with a +0 club.
The orc hits you with a +0 vorpal flail.
* * * LOW HITPOINT WARNING * * *
Something hits you but does no damage.
You punch the orc!
You kill the orc!
You hear a splash.
You're too confused to cast spells.
You closely miss something.
The orc hits you with a +0 vorpal flail.
* * * LOW HITPOINT WARNING * * *
Something hits you.
* * * LOW HITPOINT WARNING * * *
You feel less confused.
An orc wizard appears from thin air!
Reactivating autopickup.
The orc hits you with a +0 vorpal flail!
* * * LOW HITPOINT WARNING * * *
You die...

#..P.P..# # #..... #.......#
#.###..... ###.....#
#.........
#.....############.....r
#.....#.)≈≈≈≈)≈≈≈......#
####.......)≈≈).)≈≈≈....#..
#..........)≈≈≈≈≈)≈≈.......
#.......o############......
..........o@....:.........(.
.............##.............
............................
..........#.............>..
........#####........o.....
.........<....#$...........
...........................
........####...............
..###.... #..#.#.#...#..


You could see an orc wizard and an orc.

Vanquished Creatures
  A kobold brigand (Sewer)
  2 hounds
  Jessica (D:2)
  A gnoll (D:3)
  2 adders
  A river rat (Sewer)
  6 worms
  2 dart slugs
  6 orcs (D:3)
  6 ball pythons
  5 endoplasms
  8 giant cockroaches
  5 goblins (D:1)
  3 hobgoblins (D:1)
  7 kobolds
  4 quokkas
  6 bats
  11 rats
77 creatures vanquished.

Vanquished Creatures (others)
  A rat (D:3)
1 creature vanquished.

Grand Total: 78 creatures vanquished

Notes
Turn   | Place    | Note
-------+----------+-------------------------------------------
     0 | D:1      | SweetFeetChazzz the Vine Stalker Transmuter began the quest
                  | for the Orb.
     0 | D:1      | Reached XP level 1. HP: 9/9 MP: 4/4
   101 | D:1      | Reached skill level 1 in Fighting
   143 | D:1      | Reached XP level 2. HP: 9/14 MP: 6/6
   828 | D:1      | Reached XP level 3. HP: 15/18 MP: 2/7
  1406 | D:2      | Noticed Jessica
  1420 | D:2      | Killed Jessica
  1421 | D:2      | Gained mutation: Your natural rate of healing is unusually
                  | fast. [Vine Stalker growth]
  1421 | D:2      | Reached XP level 4. HP: 7/22 MP: 3/9
  1954 | D:3      | Found a glowing drain.
  1995 | D:3      | HP: 1/23 [hound (3)]
  1998 | D:3      | Reached XP level 5. HP: 3/26 MP: 7/10
  2204 | Sewer    | Entered a sewer
  2232 | Sewer    | Noticed a kobold brigand
  2257 | Sewer    | Killed a kobold brigand
  2258 | Sewer    | Reached skill level 4 in Unarmed Combat
  2258 | Sewer    | Reached XP level 6. HP: 5/30 MP: 2/12
  2633 | D:3      | HP: 1/32 [orc (7)]
  2633 | D:3      | Slain by an orc

Illustrated notes

Levels and vault maps discovered:
D:1:      dpeg_arrival_another_circle, layout_basic
D:2:      layout_loops_ring, grunt_ministairs_11, uniq_jessica
D:3:      layout_rooms, gammafunk_ghost_abyssal_escape, portal_sewer_entry_f,
          cheibrodos_gnoll_hut, uniq_sigmund

Skill      XL: |  1  2  3  4  5 |
---------------+----------------+-----
Fighting       | 1 2 |  2.4
Dodging        | 2 |  2.0
Spellcasting   | 3 |  3.9
Transmutations | 3 |  3.7
Unarmed Combat | 4 |  4.0

Action                   |  1- 3 |  4- 6 || total
-------------------------+-------+-------++-------
Melee: Unarmed           |    74 |   152 ||   226
       Kick              |    14 |    30 ||    44
       Bite              |    13 |    28 ||    41
       Headbutt          |     9 |    22 ||    31
       Punch             |       |     2 ||     2
 Cast: Beastly Appendage |    15 |    23 ||    38
  Use: Scroll            |       |     2 ||     2
       Potion            |       |     5 ||     5
 Stab: Sleeping          |       |     1 ||     1
Armor: Robe              |    17 |    25 ||    42
Dodge: Dodged            |    49 |   135 ||   184

Table legend: (Time is in decaauts)
 A = Elapsed time spent in this place.
 B = Non-inter-level travel time spent in this place.
 C = Inter-level travel time spent in this place.
 D = Time resting spent in this place.
 E = Time spent auto-exploring this place.
 F = Levels seen in this place.
 G = Mean time per level.
                   A        B        C        D        E       F      G
               +--------+--------+--------+--------+--------+-----+--------+
         Total |   2707 |   2638 |     69 |    482 |    854 |   4 |  676.8 |
       Dungeon |   2271 |   2202 |     69 |    405 |    854 |   3 |  757.0 |
         Sewer |    435 |    435 |      0 |     77 |      0 |   1 |  435.0 |
               +--------+--------+--------+--------+--------+-----+--------+

Top non-repeatable levels by time:
     D:1: 1112 daAuts
     D:2: 861 daAuts
   Sewer: 435 daAuts
     D:3: 298 daAuts
